 Dungeon Crawl Stone Soup version 0.28.0-53-g5a82cb258f (webtiles) character file.

Game seed: 11497450166391172507

1267 Plasmagod the Chopper (level 8, 0/68 HPs)
             Began as a Minotaur Fighter on July 14, 2022.
             Was a Follower of Uskayaw.
             Killed from afar by a steam dragon (10 damage)
             ... with a ball of steam
             ... on level 6 of the Dungeon.
             The game lasted 00:17:38 (6052 turns).

Plasmagod the Chopper (Minotaur Fighter)            Turns: 6052, Time: 00:17:39

Health: 0/68       AC:  7    Str: 21    XL:     8   Next: 28%
Magic:  10/10      EV:  7    Int:  5    God:    Uskayaw [*.....]
Gold:   308        SH: 13    Dex: 12    Spells: 7/7 levels left

rFire   . . .      SeeInvis .   a - +1 war axe
rCold   . . .      Faith    .   r - +0 tower shield
rNeg    . . .      Spirit   .   b - +0 scale mail
rPois   .          Reflect  .   (helmet restricted)
rElec   .          Harm     .   (no cloak)
rCorr   .          Rampage  .   (no gloves)
Will    .....                   (no boots)
Stlth   ..........              (no amulet)
HPRegen 0.21/turn               (no ring)
MPRegen 0.12/turn               (no ring)

@: no status effects
A: horns 2, retaliatory headbutt
a: Renounce Religion, Stomp


You were on level 6 of the Dungeon.
You worshipped Uskayaw.
Uskayaw was noncommittal.
You visited 1 branch of the dungeon, and saw 6 of its levels.

You collected 308 gold pieces.

Inventory:

Hand Weapons
 a - a +1 war axe (weapon)
 h - a +0 hunting sling
Missiles
 n - 3 poisoned darts (quivered)
 q - 48 sling bullets
Armour
 b - a +0 scale mail (worn)
 c - an orb of light
 r - a +0 tower shield (worn)
Jewellery
 i - a ring of protection from cold
Wands
 t - a wand of iceblast (19)
Scrolls
 e - 2 scrolls of identify
 k - 2 scrolls of immolation
 o - a scroll of blinking
 u - a scroll of amnesia
Potions
 d - a potion of might
 f - a potion of curing
 g - a potion of resistance
 j - 2 potions of flight
 l - 3 potions of brilliance
 m - a potion of berserk rage {unknown}
 p - a potion of mutation


   Skills:
 + Level 5.2 Fighting
 + Level 6.1 Axes
 + Level 3.3 Slings
 + Level 0.2(1.8) Throwing
 + Level 5.6 Armour
 + Level 2.1 Dodging
 + Level 1.0 Stealth
 + Level 5.5 Shields
 * Level 4.5 Invocations


You had 7 spell levels left.
You didn't know any spells.
Your spell library contained the following spells:

 Spells                   Type           Power      Damage    Failure   Level
 Animate Skeleton         Necr           0%         N/A       100%        1
 Apportation              Tloc           0%         N/A       100%        1
 Beastly Appendage        Tmut           0%         N/A       100%        1
 Sting                    Tmut/Pois      0%         1d3       100%        1
 Summon Small Mammal      Summ           0%         N/A       100%        1
 Poisonous Vapours        Pois/Air       0%         N/A       100%        2
 Wereblood                Tmut           0%         N/A       100%        2
 Ignite Poison            Fire/Tmut/Pois 0%         N/A       100%        3
 Ozocubu's Armour         Ice            0%         N/A       100%        3
 Spider Form              Tmut/Pois      0%         N/A       100%        3
 Hailstorm                Conj/Ice       0%         3d3       100%        4
 Olgreb's Toxic Radiance  Pois           0%         N/A       100%        4
 Summon Ice Beast         Ice/Summ       0%         N/A       100%        4


Dungeon Overview and Level Annotations

Branches:
Dungeon (6/15)
 Temple: D:4-7

Altars:
Sif Muna
Uskayaw

Shops:
D:4 (


Innate Abilities, Weirdness & Mutations

You have a pair of horns on your head.
You reflexively headbutt those who attack you in melee.


Message History

The adder is lightly wounded.
You hit the jelly.
Your hands burn!
The adder barely misses you. You furiously retaliate!
You headbutt the adder! The jelly closely misses you.
You block the adder's attack. The jelly hits you but does no damage.
You slash the adder!
You kill the adder!
You hit the jelly but do no damage.
Your hands burn!
The jelly hits you but does no damage.
You hit the jelly. The acid corrodes you!
Your hands burn!
The jelly is heavily wounded.
You block the jelly's attack. The jelly completely misses you.
You can now pass through a line of other dancers.
You slash the jelly!
You kill the jelly!
A steam dragon comes into view.
The steam dragon hisses angrily.
The steam dragon breathes steam at you. The ball of steam hits you!
You can no longer pass through a line of other dancers.
You are no longer corroded.
The steam dragon breathes steam at you. The ball of steam hits you!
You hear a shout!
You see here 4 gold pieces.
You block the steam dragon's attack.
The steam dragon claws you but does no damage.
You closely miss the steam dragon.
You headbutt the steam dragon, but do no damage.
You are engulfed in a cloud of scalding steam.
You block the steam dragon's attack.
The steam dragon claws you but does no damage.
You block the steam dragon's attack.
The steam dragon claws you but does no damage.
You hit the steam dragon.
The steam dragon is lightly wounded.
You are engulfed in a cloud of scalding steam.
* * * LOW HITPOINT WARNING * * *
The steam dragon breathes steam at you. The ball of steam hits you!
You die...

.. .. ### ##.. ..
#... #..##.
...##.... #......
##.#.....
.......D# . #@#
## .#
...####$###.#...#
#....#..§......#
#..§§§..##...##
#........#....#..
##.........# ....
#####..#####..#
#..####.....
#.....#.# .. .


You could see a steam dragon (catching breath).

Vanquished Creatures
  An ice beast (D:6)
  An ogre (D:5)
  A necrophage (D:4)
  A centaur (D:5)
  3 scorpions
  A water moccasin zombie (D:5)
  2 water moccasin skeletons
  A bullfrog zombie (D:5)
  A hound (D:5)
  A jelly (D:6)
  2 bullfrog skeletons
  A centaur skeleton (D:6)
  Natasha (thrice) (D:3)
  5 iguanas
  3 orc wizards (D:5)
  5 adders
  A shadow imp (D:5)
  An ufetubus (D:5)
  2 worms
  3 dart slugs
  7 orcs
  13 ball pythons
  A bat (D:1)
  4 endoplasms
  2 giant cockroaches
  6 goblins
  8 hobgoblins
  3 quokkas
  8 frilled lizards
  2 kobolds
  A quokka skeleton (D:4)
  5 rats
99 creatures vanquished.

Vanquished Creatures (others)
  10 plants (D:4)
10 creatures vanquished.

Grand Total: 109 creatures vanquished

Notes
Turn   | Place    | Note
-------+----------+-------------------------------------------
     0 | D:1      | Plasmagod the Minotaur Fighter began the quest for the Orb.
     0 | D:1      | Reached XP level 1. HP: 19/19 MP: 0/0
   224 | D:1      | Reached XP level 2. HP: 22/27 MP: 1/1
   295 | D:1      | Found a faded altar of an unknown god.
   311 | D:1      | Prayed at the altar of an unknown god.
   311 | D:1      | Became a worshipper of Uskayaw the Reveller
   311 | D:1      | Reached * piety under Uskayaw
   377 | D:1      | Reached ** piety under Uskayaw
   967 | D:2      | Reached XP level 3. HP: 33/33 MP: 2/2
  1018 | D:2      | Noticed a scorpion
  1023 | D:2      | Killed a scorpion
  1024 | D:2      | Reached skill level 3 in Axes
  1024 | D:2      | Reached skill level 1 in Invocations
  1024 | D:2      | Reached XP level 4. HP: 40/40 MP: 3/3
  2105 | D:3      | Found a shimmering blue altar of Sif Muna.
  2434 | D:3      | Noticed Natasha
  2446 | D:3      | Killed Natasha
  2447 | D:3      | Reached XP level 5. HP: 38/47 MP: 5/5
  2462 | D:3      | Got Esigof's Incunabulum of the Igneous Frostbite
  3045 | D:3      | Noticed Natasha
  3053 | D:3      | Killed Natasha
  3054 | D:3      | Reached skill level 1 in Slings
  3673 | D:3      | Noticed Natasha
  3679 | D:3      | Killed Natasha
  3775 | D:4      | Reached XP level 6. HP: 39/53 MP: 6/6
  3951 | D:4      | Found Uhaffibei's Antique Weapon Boutique.
  4032 | D:4      | Reached skill level 4 in Axes
  4509 | D:5      | Entered Level 5 of the Dungeon
  4560 | D:5      | Reached *** piety under Uskayaw
  4566 | D:5      | Reached skill level 5 in Armour
  4566 | D:5      | Reached XP level 7. HP: 20/60 MP: 8/8
  4945 | D:5      | Reached skill level 1 in Dodging
  5006 | D:5      | Reached skill level 5 in Shields
  5104 | D:5      | Reached skill level 5 in Axes
  5209 | D:5      | Reached skill level 1 in Stealth
  5557 | D:5      | Reached skill level 5 in Fighting
  5566 | D:5      | Reached **** piety under Uskayaw
  5570 | D:5      | Reached XP level 8. HP: 11/68 MP: 10/10
  5572 | D:5      | HP: 3/68 [orc/+0 flail (3)]
  5572 | D:5      | Reached ***** piety under Uskayaw
  5932 | D:6      | Reached skill level 6 in Axes
  6052 | D:6      | Killed from afar by a steam dragon

Illustrated notes

Levels and vault maps discovered:
D:1:      tarquinn_simple_flora_water_d, layout_loops_ring,
          hellmonk_ecumenical_altar_blasted, kennysheep_pointless_box
D:2:      layout_basic
D:3:      layout_loops_ring, lemuel_crystal_altar, uniq_natasha
D:4:      layout_gridville, serial_shops, shop, minmay_lizard_king
D:5:      layout_gridville
D:6:      layout_cave_pools, minmay_temple_entry_grid, minmay_misc_feat_columns

Skill      XL: |  1  2  3  4  5  6  7  8 |
---------------+-------------------------+-----
Armour         | 4 5 |  5.6
Shields        | 4 5 |  5.5
Fighting       | 4 5 |  5.2
Axes           | 3 4 5 6 |  6.1
Invocations    | 1 2 3 4 |  4.5
Slings         | 1 3 |  3.3
Dodging        | 1 2 |  2.1
Stealth        | 1 |  1.0
Throwing       | |  0.2

Action                   |  1- 3 |  4- 6 |  7- 9 || total
-------------------------+-------+-------+-------++-------
Melee: War axe           |    37 |   117 |    98 ||   252
       Headbutt          |     2 |    14 |    13 ||    29
 Fire: Hunting sling     |       |    53 |     4 ||    57
Throw: Dart              |     3 |       |       ||     3
Invok: Stomp             |       |       |     1 ||     1
  Use: Scroll            |       |    11 |       ||    11
       Potion            |       |     1 |     2 ||     3
 Stab: Paralysed         |       |     2 |     1 ||     3
Armor: Scale mail        |    19 |    40 |    77 ||   136
Dodge: Dodged            |    11 |    26 |    25 ||    62
Block: Buckler           |     5 |     5 |       ||    10
       Tower shield      |       |    81 |    91 ||   172
